 Dungeon Crawl Stone Soup version 0.29.1-15-g9cfb28693d (webtiles) character file.

Game seed: 6244998523073046770

38 wingedge the Covered (level 3, 0/28 HPs)
             Began as a Demigod Wanderer on Mar 20, 2023.
             Succumbed to an orc's poison
             ... on level 3 of the Dungeon.
             The game lasted 00:13:27 (2097 turns).

wingedge the Covered (Demigod Wanderer)             Turns: 2097, Time: 00:13:27

Health: 0/28       AC:  5    Str: 13    XL:     3   Next: 10%
Magic:  7/10       EV: 10    Int: 20    God:
Gold:   87         SH:  0    Dex: 11    Spells: 5/8 levels left

rFire   . . .      SeeInvis .   f - +1 dagger (elec)
rCold   . . .      Faith    .   (no shield)
rNeg    . . .      Spirit   .   c - +0 ring mail
rPois   .          Reflect  .   (no helmet)
rElec   .          Harm     .   (no cloak)
rCorr   .          Rampage  .   (no gloves)
Will    .....                   (no boots)
Stlth   +.........              (no amulet)
HPRegen 0.09/turn               (no ring)
MPRegen 0.12/turn               (no ring)

@: lethally poisoned (0 -> -23)
A: high MP 1, forlorn, divine attributes
a: no special abilities


You were on level 3 of the Dungeon.
You visited 1 branch of the dungeon, and saw 3 of its levels.

You collected 87 gold pieces.

Inventory:

Hand Weapons
 d - a +0 mace
 f - a +1 dagger of electrocution (weapon)
 m - a +1 arbalest of flaming
 p - a +0 sling
Missiles
 j - 2 boomerangs of dispersal (quivered)
Armour
 c - a +0 ring mail (worn)
Wands
 q - a wand of flame (16)
Scrolls
 b - a scroll of fear
 h - a scroll of torment {unknown}
 i - 2 scrolls of teleportation {unknown}
 k - a scroll of vulnerability {unknown}
 n - a scroll of amnesia {unknown}
 s - a scroll of immolation {unknown}
 u - a scroll of identify {unknown}
 v - a scroll of magic mapping {unknown}
Potions
 a - a potion of haste {unknown}
 e - a potion of magic {unknown}
 g - a potion of degeneration {unknown}
 l - 2 potions of berserk rage {unknown}
 o - a potion of attraction {unknown}
 r - a potion of flight {unknown}
 t - a potion of curing {unknown}


   Skills:
 - Level 1.0 Fighting
 - Level 4.0 Armour
 - Level 3.0 Spellcasting
 + Level 2.3 Summonings
 - Level 1.0 Evocations


You had 5 spell levels left.
You knew the following spells:

 Your Spells              Type           Power      Damage    Failure   Level
a - Summon Small Mammal   Summ           48%        N/A       12%         1
b - Call Imp              Summ           12%        N/A       17%         2

Your spell library contained the following spells:

 Spells                   Type           Power      Damage    Failure   Level
 Sandblast                Erth           6%         2d5       28%         1
 Ensorcelled Hibernation  Hex/Ice        6%         N/A       41%         2
 Passwall                 Tmut/Erth      2%         N/A       41%         2
 Stone Arrow              Conj/Erth      6%         3d7       65%         3
 Swiftness                Air            3%         N/A       65%         3
 Summon Lightning Spire   Summ/Air       7%         N/A       88%         4


Dungeon Overview and Level Annotations

Branches:
Dungeon (3/15)

Annotations:
D:2 Terence


Innate Abilities, Weirdness & Mutations

You have an increased reservoir of magic. (+10% MP)
You shall have no god before yourself.
Your divine heritage dramatically boosts your attributes as you level up.


Message History

You feel very sick. The orc closely misses your shadow imp.
The orc hits your shadow imp with a +0 club.
The orc barely misses you.
Your shadow imp hits the orc.
You hit the orc.
The orc is severely wounded.
You feel very sick.
The orc hits your shadow imp with a +0 club.
The orc closely misses your shadow imp.
Your shadow imp hits the orc.
The orc closely misses you.
You barely miss the orc.
The orc is severely wounded.
You feel sick.
The orc hits your shadow imp but does no damage.
Your shadow imp hits the orc.
The orc hits you with a +2 dagger of venom.
The orc barely misses your shadow imp.
Press: ? - help, v - describe, . - travel
Here: an orc, wielding a +2 dagger of venom and wearing a +0 chain mail (severely wounded)
The floor.
You barely miss the orc.
The orc is severely wounded.
You feel sick.
The orc hits you with a +2 dagger of venom.
You are lethally poisoned!
The orc barely misses your shadow imp. x2
Your shadow imp completely misses the orc.
You hit the orc but do no damage.
The orc is severely wounded.
* * * LOW HITPOINT WARNING * * *
You feel very sick.
The orc hits your shadow imp with a +0 club.
Your shadow imp dies!
Your shadow imp disappears in a puff of smoke!
The orc hits you with a +2 dagger of venom.
* * * LOW HITPOINT WARNING * * *
You are more poisoned.
You hit the orc but do no damage.
The orc is severely wounded.
You die...

...... ..... #
....######## .> ...
#......#.. ...#####o.
#<........ ......§o.
#......... ......§o#
#.........
.......@#####........#
.............#####....
............†........#
...#.###..........#.##
##................# #
#............#####
#..............#
......###......# .....
#......#


You could see 3 orcs.

Vanquished Creatures
  6 bats
  An endoplasm (D:1)
  3 giant cockroaches
  2 hobgoblins (D:1)
  A quokka (D:2)
  3 ball pythons (D:1)
  A frilled lizard (D:2)
  4 rats
21 creatures vanquished.

Vanquished Creatures (collateral kills)
  2 endoplasms
  A giant cockroach (D:1)
  4 hobgoblins
  3 kobolds
  2 ball pythons (D:1)
  A goblin (D:1)
13 creatures vanquished.

Grand Total: 34 creatures vanquished

Notes
Turn   | Place    | Note
-------+----------+-------------------------------------------
     0 | D:1      | wingedge the Demigod Wanderer began the quest for the Orb.
     0 | D:1      | wingedge set off with the following items: a +0 club, a
                  | scroll of fear, a +0 ring mail; and the following spells
                  | available to memorise: Summon Small Mammal, Call Imp,
                  | Sandblast, Stone Arrow, Summon Lightning Spire.
     0 | D:1      | Reached XP level 1. HP: 14/14 MP: 6/6
     2 | D:1      | Learned a level 1 spell: Summon Small Mammal
   455 | D:1      | Reached skill level 4 in Armour
   566 | D:1      | Reached XP level 2. HP: 12/20 MP: 4/8
  1453 | D:2      | Reached skill level 1 in Fighting
  1954 | D:2      | Reached XP level 3. HP: 28/28 MP: 10/10
  1967 | D:2      | Learned a level 2 spell: Call Imp
  2005 | D:2      | Noticed Terence
  2097 | D:3      | Succumbed to an orc's poison

Illustrated notes

Levels and vault maps discovered:
D:1:      matt_arrival_grand_opening, layout_basic,
          hellmonk_ecumenical_altar_inner_sanctum, minmay_distorted
D:2:      layout_loops_cross, basic_altar, uniq_terence
D:3:      minmay_recursive_quarters, layout_basic,
          corexii_item_surrounded_by_moat, minmay_snake_closets

Skill      XL: |  1  2 |
---------------+-------+-----
Summonings     | 2 |  2.3
Armour         | 4 |  4.0
Spellcasting   | 3 |  3.0
Fighting       | 1 |  1.0
Evocations     | |  1.0

Action                   || total
-------------------------++-------
Melee: Mace              ||     7
       Dagger            ||    71
       Punch             ||     1
 Cast: Summon Small Mamm ||    48
       Call Imp          ||     1
 Stab: Distracted        ||     1
Armor: Ring mail         ||    37
Dodge: Dodged            ||    41
